 Dungeon Crawl Stone Soup version 0.18.1-1-g2f07953 (webtiles) character file.

4459 vatarom the Destroyer (level 10, -1/80 HPs)
             Began as a Mottled Draconian Conjurer on May 7, 2016.
             Killed from afar by a white imp (7 damage)
             ... with a puff of frost
             ... on level 9 of the Dungeon.
             The game lasted 00:29:10 (12534 turns).

vatarom the Destroyer (Mottled Draconian Conjurer) Turns: 12534, Time: 00:29:11

Health: -1/80      AC: 12    Str: 11    XL:     10   Next: 15%
Magic:  2/21       EV: 12    Int: 18    God:
Gold:   618        SH:  0    Dex: 12    Spells: 6 memorised, 5 levels left

rFire  . . .     SeeInvis .     v - +1 short sword (elec)
rCold  . . .     Gourm    .     (armour unavailable)
rNeg   . . .     Faith    .     (no shield)
rPois  .         Spirit   .     (helmet restricted)
rElec  .         Dismiss  .     k - +1 cloak
rCorr  .         Reflect  .     w - +2 pair of gloves
SustAt .         Harm     .     (no boots)
MR     .....                    (no amulet)
Stlth  ++........               (no ring)
                                (no ring)

@: about to teleport, very slightly contaminated, not resistant to hostile
enchantments, unstealthy
A: breathe sticky flame splash, unfitting armour, cold-blooded, AC +7
a: Breathe Sticky Flame


You were on level 9 of the Dungeon.
You were not hungry.

You visited 2 branches of the dungeon, and saw 10 of its levels.

You collected 618 gold pieces.

Inventory:

Hand Weapons
 h - a +0 dagger
 v - a +1 short sword of electrocution (weapon)
 B - the +0 dagger of Hell's Wrath {holy, rF+}
   (You found it on level 8 of the Dungeon)

   It has been blessed by the Shining One to cause great damage to the undead
   and demons.
   It protects you from fire.
Armour
 k - a +1 cloak (worn)
 w - a +2 pair of gloves (worn)
Jewellery
 x - an uncursed ring of ice
Wands
 n - a wand of digging (7/24)
 p - a wand of iceblast (10/15)
 y - a wand of polymorph (14/24)
 z - a wand of disintegration (18/24)
Scrolls
 e - 5 scrolls of identify
 i - a scroll of teleportation
 j - 9 scrolls of remove curse
 o - a scroll of fog
 q - 2 scrolls of amnesia
Potions
 d - 2 potions of resistance
 f - 3 potions of ambrosia
 m - 3 potions of flight
 r - a potion of might
 u - 3 potions of curing
Books
 a - a book of Conjurations

   Spells                             Type                      Level
   a - Magic Dart                     Conjuration                  1
   b - Searing Ray                    Conjuration                  2
   c - Dazzling Spray                 Conjuration/Hexes            3
   d - Fulminant Prism                Conjuration/Hexes            4
   e - Iskenderun's Mystic Blast      Conjuration                  4
   f - Iskenderun's Battlesphere      Conjuration/Charms           5
 c - a book of Battle

   Spells                             Type                      Level
   a - Infusion                       Charms                       1
   b - Shroud of Golubria             Charms/Translocation         2
   c - Song of Slaying                Charms                       2
   d - Spectral Weapon                Hexes/Charms                 3
   e - Regeneration                   Charms/Necromancy            3
Comestibles
 b - a bread ration
 g - a meat ration
 l - 5 fruits
 A - 10 royal jellies


   Skills:
 - Level 4.8 Fighting
 - Level 2.0 Dodging
 - Level 1.7 Stealth
 * Level 7.7 Spellcasting
 + Level 11.1 Conjurations
 - Level 3.1 Hexes
 - Level 2.3 Charms


You had 5 spell levels left.
You knew the following spells:

 Your Spells              Type           Power        Failure   Level  Hunger
a - Magic Dart            Conj           ####         1%          1    None
b - Searing Ray           Conj           #####.       1%          2    None
c - Dazzling Spray        Conj/Hex       ####....     1%          3    #......
d - Iskenderun's Mystic   Conj           #####...     1%          4    ###....
e - Fulminant Prism       Conj/Hex       ####......   6%          4    ###....
f - Iskenderun's Battles  Conj/Chrm      ####....     21%         5    #####..


Dungeon Overview and Level Annotations

Branches:
Dungeon (9/15)             Temple (1/1) D:5
   Lair: D:8-11         Orc: D:9-12

Altars:
Ashenzari
Cheibriados
Dithmenos
Elyvilon
Fedhas
Gozag
Kikubaaqudgha
Nemelex Xobeh
Okawaru
Pakellas
Qazlal
Ru
Sif Muna
Trog
Xom
Yredelemnul
Zin

Shops:
D:7 *   D:9 *


Innate Abilities, Weirdness & Mutations

You can spit globs of burning liquid.
You can ignite nearby creatures when you spit burning liquid.
Your weird mottled scales are hard (AC +7).
Your body does not fit into most forms of armour.
You are cold-blooded and may be slowed by cold attacks.


Message History

The wyvern bites you but does no damage.
The wyvern bites you! The eye of draining gazes at you.
An ice beast and a skeleton come into view.
The wyvern bites you!!
* * * LOW HITPOINT WARNING * * *
Read which item? (? for menu, Esc to quit)
As you read the scroll of teleportation, it crumbles to dust.
You feel strangely unstable. The wyvern closely misses you.
The wyvern bites you but does no damage.
Unknown command.
A white imp comes into view.
The white imp shouts!
The centaur skeleton hits you but does no damage.
The wyvern bites you but does no damage.
The centaur skeleton hits you.
* * * LOW HITPOINT WARNING * * *
The white imp gestures at you. The puff of frost hits you!
You die...

#..≈≈.≈.......#
#..≈≈.≈≈......#
..≈≈≈≈≈.......#
.≈≈≈≈≈≈≈......#
.....
.≈5≈≈.≈.......#
.....
.≈..≈.........#
.....
.≈≈.≈.........#
.....
..≈.≈YZ@......#
.....
..≈.≈≈.h......#
.....
.....≈.l......#
...>.
....≈≈.*.....##
.....
.....≈.......#
#####
.....≈≈......#
.######.≈......#
.......+.≈......#
#......#.≈G.....#


You could see a warg, a wyvern, an ice beast, a white imp, a centaur skeleton
and a friendly battlesphere.

Vanquished Creatures
  A polar bear (D:9)
  Grinder (D:6)
  Sigmund (D:6)
  Eustachio (D:6)
  A yak (D:9)
  A hippogriff (D:5)
  Menkaure (D:6)
  Edmund (D:3)
  A water moccasin (D:7)
  2 orc warriors (D:8)
  2 phantoms
  2 sky beasts
  5 ogres
  A wasp (D:8)
  2 centaurs
  2 giant frogs
  6 scorpions
  A killer bee (D:5)
  An electric eel (D:9)
  4 howler monkeys (D:8)
  A crimson imp (D:6)
  A giant frog zombie (D:5)
  2 centaur skeletons
  3 hounds
  4 jellies (D:8)
  2 orc priests (D:8)
  12 orc wizards
  A giant frog skeleton (D:9)
  An iguana (D:6)
  4 worker ants
  A killer bee zombie (D:8)
  The ghost of Charly the Chopper, a weakling HOSk (D:5)
  A centaur simulacrum (D:9)
  A mummy (D:5)
  A worker ant zombie (D:8)
  10 adders
  4 gnolls (D:4)
  A howler monkey skeleton (D:5)
  3 shadow imps
  7 oozes
  An adder zombie (D:5)
  5 worms
  A dart slug (D:2)
  6 giant geckos
  24 orcs
  2 ball pythons
  5 giant cockroaches
  2 gnoll zombies (D:4)
  5 hobgoblins
  5 jackals
  6 kobolds
  3 quokkas
  11 bats
  5 giant newts
  2 goblins (D:1)
  A goblin zombie (D:5)
  A kobold zombie (D:5)
  A quokka skeleton (D:5)
  A quokka zombie (D:7)
  7 rats
192 creatures vanquished.

Vanquished Creatures (others)
  4 fulminant prisms
4 creatures vanquished.

Grand Total: 196 creatures vanquished

Notes
Turn   | Place    | Note
--------------------------------------------------------------
     0 | D:1      | vatarom the Draconian Conjurer began the quest for the Orb.
     0 | D:1      | Reached XP level 1. HP: 14/14 MP: 3/3
   193 | D:1      | Reached skill level 1 in Fighting
   252 | D:1      | Reached XP level 2. HP: 20/23 MP: 5/5
   256 | D:1      | Learned a level 2 spell: Searing Ray
   786 | D:2      | Reached XP level 3. HP: 27/28 MP: 4/6
   852 | D:2      | Learned a level 3 spell: Dazzling Spray
  1519 | D:2      | Found a deep blue altar of Sif Muna.
  1523 | D:2      | Found a stormy altar of Qazlal.
  1523 | D:2      | Found a shimmering altar of Xom.
  1704 | D:2      | Reached XP level 4. HP: 34/35 MP: 1/8
  2591 | D:3      | Reached skill level 5 in Conjurations
  2916 | D:3      | Found a shadowy altar of Dithmenos.
  2929 | D:3      | Found a faded altar to an unknown god.
  3551 | D:4      | Reached XP level 5. HP: 33/40 MP: 1/10
  3728 | D:4      | Noticed Edmund
  3933 | D:3      | Killed Edmund
  3933 | D:3      | Reached XP level 6. HP: 14/47 MP: 0/12
  4026 | D:3      | Learned a level 4 spell: Iskenderun's Mystic Blast
  4176 | D:4      | Reached skill level 6 in Conjurations
  4353 | D:4      | Got a pair of polished gloves
  4359 | D:4      | Identified the cursed +0 pair of gloves of Soongazo {Stlth+} (You found it on level 4 of the Dungeon)
  4585 | D:4      | Found a basalt altar of Yredelemnul.
  5011 | D:5      | Entered Level 5 of the Dungeon
  5021 | D:5      | Learned a level 4 spell: Fulminant Prism
  5041 | D:5      | Reached skill level 5 in Spellcasting
  5108 | D:4      | Your scales start taking on a weird mottled colour.
  5108 | D:4      | Reached XP level 7. HP: 41/52 MP: 4/14
  5575 | D:4      | HP: 2/52 [orc/flail (8)]
  5954 | D:4      | Reached skill level 7 in Conjurations
  6169 | D:5      | Reached skill level 1 in Hexes
  6276 | D:5      | Noticed Charly's ghost (weakling HOSk)
  6282 | D:5      | Killed Charly's ghost
  6305 | D:5      | Found a staircase to the Ecumenical Temple.
  6315 | Temple   | Entered the Ecumenical Temple
  6856 | D:5      | Reached XP level 8. HP: 66/66 MP: 4/15
  8111 | D:6      | Reached skill level 8 in Conjurations
  8120 | D:6      | Noticed Menkaure
  8136 | D:6      | Noticed Grinder
  8144 | D:6      | Killed Grinder
  8198 | D:6      | Killed Menkaure
  8444 | D:6      | Learned a level 5 spell: Iskenderun's Battlesphere
  8848 | D:6      | Noticed Eustachio
  8857 | D:6      | Killed Eustachio
  8857 | D:6      | Reached skill level 9 in Conjurations
  8857 | D:6      | Reached skill level 1 in Charms
  8857 | D:6      | Reached XP level 9. HP: 73/73 MP: 7/18
  8887 | D:6      | Noticed Sigmund
  8892 | D:6      | Found a white marble altar of Elyvilon.
  8899 | D:6      | Killed Sigmund
  9226 | D:7      | Found Uvuwecuh's Elemental Accessories.
  9417 | D:7      | Found Tusadiy's Armour Shoppe.
 10172 | D:8      | Reached skill level 10 in Conjurations
 11732 | D:8      | Reached skill level 11 in Conjurations
 11732 | D:8      | Reached XP level 10. HP: 80/80 MP: 12/20
 11895 | D:8      | Got a polished dagger
 11896 | D:8      | Identified the +0 dagger of Hell's Wrath {holy, rF+} (You found it on level 8 of the Dungeon)
 12036 | D:9      | Found Vintewor's General Store.
 12534 | D:9      | Killed from afar by a white imp

Skill      XL: |  1  2  3  4  5  6  7  8  9 |
---------------+----------------------------+-----
Fighting       | 1 4 |  4.8
Spellcasting   | 3 4 5 6 7 |  7.7
Conjurations   | 5 6 7 9 11 | 11.1
Dodging        | 2 |  2.0
Hexes          | 2 3 |  3.1
Charms         | 1 2 |  2.3
Stealth        | |  1.7

Action                   |  1- 3 |  4- 6 |  7- 9 | 10-12 || total
-------------------------+-------+-------+-------+-------++-------
Melee: Dagger            |    37 |   111 |    17 |       ||   165
       Unarmed           |     6 |       |       |       ||     6
       Tailslap          |     5 |    17 |     8 |       ||    30
       Short sword       |       |       |   121 |     4 ||   125
 Cast: Magic Dart        |    26 |    84 |   175 |    32 ||   317
       Searing Ray       |     6 |     8 |     8 |       ||    22
       Dazzling Spray    |     1 |    10 |    30 |     2 ||    43
       Iskenderun's Myst |       |     2 |    20 |       ||    22
       Fulminant Prism   |       |     1 |     3 |       ||     4
       Iskenderun's Batt |       |       |    12 |     5 ||    17
 Abil: Breathe Sticky Fl |       |       |    13 |     2 ||    15
Evoke: Wand              |       |     1 |     1 |       ||     2
  Use: Scroll            |     6 |     3 |     9 |     5 ||    23
       Potion            |     2 |     2 |     3 |     1 ||     8
 Stab: Sleeping          |     3 |     4 |     1 |       ||     8
       Invisible         |       |     1 |       |       ||     1
       Distracted        |       |       |     1 |       ||     1
  Eat: Chunk             |     1 |     5 |     2 |       ||     8
       Bread ration      |     1 |     1 |     2 |       ||     4
       Beef jerky        |     1 |       |       |       ||     1
       Meat ration       |       |       |     5 |       ||     5
       Fruit             |       |       |       |     3 ||     3
Armor: Skin              |    16 |    34 |   125 |    17 ||   192
Dodge: Dodged            |    27 |   112 |   183 |    15 ||   337
